 Dungeon Crawl Stone Soup version 0.25-a0-937-gcfae464cf3 (webtiles) character file.

Game seed: 251949283950267686, levelgen mode: deterministic

16125 AoiMiko the Thaumaturge (level 12, 0/88 HPs)
             Began as a Deep Elf Conjurer on May 4, 2020.
             Was an Elder of Vehumet.
             Slain by a troll (2 damage)
             ... led by an orc high priest
             ... on level 11 of the Dungeon.
             The game lasted 03:15:07 (17409 turns).

AoiMiko the Thaumaturge (Deep Elf Conjurer)        Turns: 17409, Time: 03:15:13

Health: 0/88       AC: 26    Str:  5    XL:     12   Next: 7%
Magic:  32/32      EV:  2    Int: 26    God:    Vehumet [****..]
Gold:   172        SH:  0    Dex: 15    Spells: 18/40 levels left

rFire    + . .     SeeInvis .   l - staff of wizardry
rCold    + . .     Gourm    .   (no shield)
rNeg     + + +     Faith    .   (armour currently unavailable)
rPois    +         Spirit   .   (helmet currently unavailable)
rElec    +         Reflect  .   (cloak currently unavailable)
rCorr    +         Harm     .   (gloves currently unavailable)
MR       +....     NoTele   +   (boots currently unavailable)
Stlth    +++.......             V - amulet of magic regeneration
HPRegen  0.24/turn              b - ring of positive energy
MPRegen  0.48/turn              U - ring of stealth

@: tree-form, resistant, lightly drained
A: wild magic 1
a: Renounce Religion


You were on level 11 of the Dungeon.
You worshipped Vehumet.
Vehumet was greatly pleased with you.
You were not hungry.
You were a tree.
You visited 4 branches of the dungeon, and saw 15 of its levels.
You also visited: Sewer.

You collected 829 gold pieces.
You spent 657 gold pieces at shops.

Inventory:

Hand Weapons
 s - a +0 hand axe
 H - a +2 short sword of venom
Missiles
 m - 2 throwing nets (quivered)
Armour
 a - a +0 robe
 u - a +0 helmet
 y - the +1 robe of Vucwot (melded) {rElec Int+4}
   (You found it on level 4 of the Dungeon)

   It affects your intelligence (+4).
   It insulates you from electricity.
 C - a +1 kite shield
 L - a +0 pair of boots (melded)
 W - a +0 pair of gloves (melded)
Magical Staves
 l - an uncursed staff of wizardry (weapon)
Jewellery
 b - a ring of positive energy (left branch)
 e - an uncursed ring of protection from fire
 o - an uncursed amulet of the acrobat
 N - a +6 amulet of reflection
 O - an uncursed ring of protection from cold {unknown}
 S - an uncursed amulet of the acrobat
 U - a ring of stealth (right branch)
 V - an amulet of magic regeneration (around neck)
Wands
 q - a wand of polymorph (35)
 r - a wand of disintegration (17)
 G - a wand of scattershot (7)
 R - a wand of enslavement (13)
Scrolls
 f - 2 scrolls of enchant weapon
 g - 3 scrolls of enchant armour
 h - 7 scrolls of remove curse
 n - 4 scrolls of teleportation
 w - 7 scrolls of amnesia
 x - 7 scrolls of identify
 B - 4 scrolls of blinking {unknown}
 D - 2 scrolls of random uselessness {unknown}
 F - 2 scrolls of vulnerability {unknown}
 I - a scroll of immolation {unknown}
 J - 2 scrolls of noise
 M - a scroll of magic mapping
 P - 2 scrolls of holy word {unknown}
Potions
 d - 6 potions of brilliance
 i - a potion of mutation
 j - 3 potions of flight {unknown}
 k - 2 potions of invisibility {unknown}
 p - a potion of resistance
 t - 4 potions of haste
 A - a potion of stabbing
 Q - 2 potions of might {unknown}
 T - a potion of degeneration {unknown}
Comestibles
 c - 21 rations


   Skills:
 - Level 8.5(8.4) Dodging
 - Level 2.4(2.3) Stealth
 - Level 14.7(14.6) Spellcasting
 - Level 13.2 Conjurations
 + Level 9.4(9.3) Summonings


You had 18 spell levels left.
You knew the following spells:

 Your Spells              Type           Power        Failure   Level  Hunger
a - Magic Dart            Conj           ####         1%          1    None
b - Searing Ray           Conj           ######       1%          2    None
c - Fulminant Prism       Conj/Hex       ######....   1%          4    None
d - Summon Ice Beast      Ice/Summ       ######..     2%          4    None
e - Summon Lightning Spi  Summ/Air       ######..     2%          4    None
f - Summon Hydra          Summ           ######....   26%         7    ######.

Your spell library contained the following spells:

 Spells                   Type           Power        Failure   Level  Hunger
 Ignite Poison            Fire/Tmut/Pois ###.....     1%          3    None
 Freeze                   Ice            ###.         1%          1    None
 Summon Butterflies       Summ           ######..     1%          1    None
 Summon Small Mammal      Summ           ####         1%          1    None
 Call Imp                 Summ           ######..     1%          2    None
 Call Canine Familiar     Summ           ######..     1%          3    None
 Dazzling Flash           Conj/Hex       ######       1%          3    None
 Frozen Ramparts          Ice            ###...       1%          3    None
 Summon Guardian Golem    Hex/Summ       ######..     1%          3    None
 Hailstorm                Conj/Ice       ######..     1%          4    None
 Iskenderun's Mystic Bla  Conj/Tloc      ######..     1%          4    None
 Ozocubu's Armour         Chrm/Ice       ###.....     5%          3    None
 Summon Mana Viper        Hex/Summ       ######..     7%          5    #......


Dungeon Overview and Level Annotations

Branches:
Dungeon (11/15)            Temple (1/1) D:5            Lair (2/6) D:8
    Orc (1/2) D:11          Sewer (visited)
  Swamp: Lair:2-4    Shoals: Lair:2-4     Snake: Lair:2-4    Spider: Lair:2-4

Altars:
Ashenzari
Cheibriados
Dithmenos
Elyvilon
Fedhas
Gozag
Hepliaklqana
Kikubaaqudgha
Makhleb
Nemelex Xobeh
Okawaru
Qazlal
Ru
Sif Muna
Trog
Uskayaw
Vehumet
Wu Jian
Xom
Yredelemnul
Zin
The Shining One
Beogh

Shops:
D:4 [   D:8 *?%%[   D:11 *

Annotations:
D:9 2 runed translucent doors


Innate Abilities, Weirdness & Mutations

((You have a pair of small horns on your head.))
Your spells are a little harder to cast, but a little more powerful.


Message History

The troll bites you!
* * * LOW HITPOINT WARNING * * *
The troll claws you!
* * * LOW HITPOINT WARNING * * *
The troll claws you.
* * * LOW HITPOINT WARNING * * *
The orc hits you but does no damage.
The orc warrior hits you but does no damage.
You take 23 damage, and have 4/88 hp.
MASSIVE DAMAGE!!
Okay, then.
Casting: Searing Ray (safe; 1% risk of failure)
Confirm with . or Enter, or press ? or * to list all spells.
Okay, then.
You feel better.
The orc warrior hits you with a +0 flail.
* * * LOW HITPOINT WARNING * * *
The troll bites you!
* * * LOW HITPOINT WARNING * * *
The troll claws you but does no damage. The troll claws you.
You die...

#..)##.......................#
#....##......................#
#.).#.##.....................#
#......##....................#
#...)).###...................#
#.....)####..................#
#........#######.............#
#........#8#.o)#..............
####.........('o♣)#.............#
.........(...8#T.o#.............#
.............######.............#
............##..................#
.........#.##...................#
.....#...###..####.#.#.##...#####
########.##..## ##.#.#.##...#
####.## ##..#.#.##...#
#.####..####.##...#


You could see a troll, 2 orc warriors and an orc.

Vanquished Creatures
  A hydra (Lair:2)
  2 two-headed ogres
  A cyclops (D:11)
  Joseph (Lair:1)
  2 spiny frogs (Lair:1)
  4 komodo dragons
  A rime drake (Lair:2)
  A hornet (D:11)
  Grinder (D:3)
  A slime creature (D:11)
  A hippogriff (D:8)
  9 yaks
  A steam dragon (D:10)
  A hungry ghost (D:10)
  A warg (D:11)
  Edmund (D:5)
  2 water moccasins
  3 porcupines
  7 orc warriors
  2 black bears
  4 ice beasts
  2 phantoms
  2 sky beasts
  9 ogres
  3 centaurs
  2 crocodiles (D:8)
  A big kobold (D:10)
  8 bullfrogs
  A wyvern skeleton (D:8)
  3 scorpions
  15 killer bees
  9 wights
  3 howler monkeys
  4 electric eels (D:11)
  A bullfrog zombie (D:7)
  8 crimson imps
  A quasit (D:7)
  4 hounds
  4 jellies (D:11)
  18 orc wizards
  7 orc priests
  Terence (D:2)
  6 iguanas
  Natasha (D:2)
  7 worker ants
  A killer bee zombie (D:9)
  A hound zombie (D:7)
  A hound skeleton (D:8)
  2 worker ant zombies
  10 gnolls
  23 adders
  A river rat (D:4)
  6 oozes
  An adder skeleton (D:5)
  An adder zombie (D:5)
  5 worms
  6 dart slugs
  10 leopard geckos
  72 orcs
  4 bats
  9 giant cockroaches
  10 goblins
  3 hobgoblins
  13 jackals
  4 quokkas
  5 ball pythons
  9 frilled lizards
  A jackal skeleton (D:5)
  9 kobolds
  8 rats
  A spectral orc (D:2)
  17 fulminant prisms
400 creatures vanquished.

Vanquished Creatures (collateral kills)
  2 hydras (D:11)
  A cyclops (Orc:1)
  A basilisk (Lair:2)
  A hungry ghost (D:11)
  4 orc warriors
  A sky beast (D:11)
  A necrophage (D:11)
  An ogre (D:11)
  3 crocodiles
  A gnoll sergeant (D:11)
  4 killer bees (D:11)
  2 howler monkeys (D:11)
  A jelly (D:11)
  3 orc priests
  2 gnolls (D:11)
  12 orcs
40 creatures vanquished.

Vanquished Creatures (others)
  A quokka (D:4)
  42 fulminant prisms
  2 fungi
45 creatures vanquished.

Grand Total: 485 creatures vanquished

Notes
Turn   | Place    | Note
-------+----------+-------------------------------------------
     0 | D:1      | AoiMiko the Deep Elf Conjurer began the quest for the Orb.
     0 | D:1      | Reached XP level 1. HP: 10/10 MP: 6/6
   154 | D:1      | Reached XP level 2. HP: 15/15 MP: 4/8
   158 | D:1      | Learned a level 2 spell: Searing Ray
   591 | D:2      | Reached skill level 4 in Spellcasting
   693 | D:2      | Reached skill level 5 in Conjurations
   693 | D:2      | Reached XP level 3. HP: 11/19 MP: 5/10
  1190 | D:2      | Reached XP level 4. HP: 24/24 MP: 10/12
  1362 | D:2      | Reached skill level 5 in Spellcasting
  1601 | D:2      | Noticed Terence
  1606 | D:2      | Killed Terence
  1696 | D:2      | Noticed Natasha
  1699 | D:2      | Killed Natasha
  1699 | D:2      | Reached XP level 5. HP: 28/28 MP: 11/15
  2074 | D:2      | Found a basalt altar of Yredelemnul.
  2202 | D:3      | Reached skill level 6 in Spellcasting
  2539 | D:3      | Found a shimmering blue altar of Sif Muna.
  2539 | D:3      | Found a snail-covered altar of Cheibriados.
  2573 | D:3      | Noticed Grinder
  2580 | D:3      | Killed Grinder
  2580 | D:3      | Reached skill level 7 in Spellcasting
  2580 | D:3      | Reached XP level 6. HP: 29/32 MP: 9/18
  2655 | D:3      | Found a shimmering altar of Xom.
  2656 | D:3      | Found a hazy altar of Hepliaklqana.
  2657 | D:3      | Noticed a spectral ugly thing
  3214 | D:4      | Found Loustrudi's Antique Armour Shop.
  3225 | D:4      | Reached XP level 7. HP: 36/36 MP: 12/20
  3277 | D:4      | Got a faintly humming robe
  3299 | D:4      | Identified the cursed +1 robe of Vucwot {rElec Int+4} (You
                  | found it on level 4 of the Dungeon)
  3398 | D:4      | Found a glowing drain.
  3407 | Sewer    | Entered a sewer
  3715 | Sewer    | Reached skill level 8 in Spellcasting
  4134 | D:4      | Got a warped short sword
  4347 | D:4      | Found a white marble altar of Elyvilon.
  4361 | D:4      | Reached skill level 9 in Spellcasting
  4361 | D:4      | Reached XP level 8. HP: 41/41 MP: 18/23
  4368 | D:4      | Became a worshipper of Elyvilon the Healer
  4681 | D:5      | Entered Level 5 of the Dungeon
  4709 | D:5      | Found a staircase to the Ecumenical Temple.
  5335 | D:5      | Learned a level 4 spell: Fulminant Prism
  5335 | D:5      | Upgraded the game from 0.25-a0-930-g9f5dfa9815 to
                  | 0.25-a0-937-gcfae464cf3
  5484 | D:5      | Reached skill level 10 in Spellcasting
  5542 | D:5      | Noticed Edmund
  5549 | D:5      | Killed Edmund
  5729 | D:5      | Reached * piety under Elyvilon
  5881 | D:6      | Got a steaming hand axe
  6064 | D:6      | Reached skill level 11 in Spellcasting
  6064 | D:6      | Reached skill level 10 in Conjurations
  6142 | D:6      | Reached XP level 9. HP: 41/45 MP: 21/26
  6439 | D:6      | Found a hide-covered altar of Uskayaw.
  6879 | D:7      | Reached ** piety under Elyvilon
  7312 | D:7      | Reached skill level 12 in Spellcasting
  8052 | D:8      | Found Ipaa's Magic Scroll Emporium.
  8323 | Temple   | Entered the Ecumenical Temple
  8792 | D:8      | Found a staircase to the Lair.
  9130 | D:8      | Reached skill level 13 in Spellcasting
  9197 | D:8      | Found Mick's Food Shoppe.
  9213 | D:8      | Found Xeidoax's Armour Shoppe.
  9220 | D:8      | Reached XP level 10. HP: 50/50 MP: 19/29
  9373 | D:8      | Noticed a two-headed ogre
  9380 | D:8      | Killed a two-headed ogre
  9380 | D:8      | Reached skill level 14 in Spellcasting
  9630 | D:8      | Found Ygooj's Food Shoppe.
  9701 | D:8      | Found Juma's Assorted Antiques.
  9708 | D:8      | Bought a scroll labeled GYCIDI AFFONLU for 33 gold pieces
  9730 | Lair:1   | Entered Level 1 of the Lair of Beasts
  9744 | Lair:1   | Reached *** piety under Elyvilon
 10071 | D:9      | Found a runed translucent door.
 10083 | D:9      | Found a runed translucent door.
 10313 | D:9      | Noticed a two-headed ogre
 10325 | D:9      | Killed a two-headed ogre
 10683 | D:9      | Reached **** piety under Elyvilon
 10702 | D:9      | Gained mutation: You have a pair of small horns on your
                  | head. [potion of mutation]
 10702 | D:9      | Gained mutation: Your spells are a little harder to cast,
                  | but a little more powerful. [potion of mutation]
 10702 | D:9      | Gained mutation: You tend to lose your temper in combat.
                  | [potion of mutation]
 10702 | D:9      | Lost mutation: You tend to lose your temper in combat.
                  | [potion of mutation]
 10979 | D:9      | Found a burning altar of Makhleb.
 10979 | D:9      | Found a radiant altar of Vehumet.
 10980 | D:9      | Found a white marble altar of Elyvilon.
 10986 | D:9      | Fell from the grace of Elyvilon
 10986 | D:9      | Became a worshipper of Vehumet
 11388 | D:10     | Entered Level 10 of the Dungeon
 11393 | D:10     | Found a roughly hewn altar of Beogh.
 11408 | D:10     | Reached * piety under Vehumet
 11408 | D:10     | Offered knowledge of Shock by Vehumet.
 11531 | D:10     | Reached XP level 11. HP: 54/54 MP: 26/31
 11719 | D:10     | Reached skill level 5 in Dodging
 12302 | D:10     | Reached ** piety under Vehumet
 12302 | D:10     | Offered knowledge of Freeze by Vehumet.
 13301 | Lair:1   | Learned a level 4 spell: Summon Ice Beast
 13482 | Lair:1   | Noticed Joseph
 13483 | Lair:1   | Reached skill level 1 in Summonings
 13490 | Lair:1   | Killed Joseph
 14179 | Lair:2   | Learned a level 4 spell: Summon Lightning Spire
 14338 | Lair:2   | Reached skill level 5 in Summonings
 14436 | Lair:2   | Noticed a six-headed hydra
 14459 | Lair:2   | Killed a six-headed hydra
 14792 | D:11     | Offered knowledge of Conjure Flame by Vehumet.
 14795 | D:11     | Noticed a four-headed hydra
 14799 | D:11     | Killed a four-headed hydra
 14850 | D:11     | Reached *** piety under Vehumet
 14998 | D:11     | Found a staircase to the Orcish Mines.
 15510 | D:11     | Offered knowledge of Mephitic Cloud by Vehumet.
 15661 | D:11     | Found Olloarue's Assorted Antiques.
 15804 | D:8      | Bought a scroll of acquirement for 624 gold pieces
 15821 | D:8      | Learned a level 7 spell: Summon Hydra
 16137 | D:11     | Noticed a four-headed hydra
 16462 | D:11     | Killed a four-headed hydra
 16975 | Orc:1    | Entered Level 1 of the Orcish Mines
 17016 | D:11     | Reached XP level 12. HP: 48/59 MP: 12/32
 17109 | D:11     | Reached **** piety under Vehumet
 17309 | Orc:1    | Offered knowledge of Ignite Poison by Vehumet.
 17327 | Orc:1    | Noticed an orc high priest
 17408 | D:11     | HP: 4/88 [troll[an orc high priest] (5)]
 17409 | D:11     | Slain by a troll

Levels and vault maps discovered:
D:1:      dpeg_arrival_shelter, layout_rooms
D:2:      layout_basic, yredelemnul_forgotten_temple_becter, uniq_terence,
          uniq_natasha
D:3:      kennysheep_six_static_rooms, layout_loops_ring,
          regret_index_temple_of_mockery, gammafunk_temple_overflow_pools,
          uniq_grinder
D:4:      layout_loops_ring, cheibrodos_sewer_entry_sluice, serial_shops,
          nicolae_shop_crystal, elyvilon_altar_4
D:5:      layout_rooms, minmay_temple_entry_statues_pillars, first_ration,
          uniq_edmund
D:6:      layout_loops_ring, eat_drink_and_be_merry_uskayaw
D:7:      layout_loops_cross
D:8:      layout_rooms, david_lair_generic, serial_shops, shop,
          kennysheep_mini_moat, nicolae_shop_stone, nicolae_shop_crystal,
          kennysheep_mini
D:9:      lemuel_insect_pit, layout_gridville, gammafunk_temple_overflow_claw
D:10:     layout_roguey [special_room_orc]
D:11:     layout_basic, hiddenorc1_lemuel, hangedman_little_slice_of_home,
          minmay_shop_grid_forest, lightli_fourway_metalbox
Temple:   cyrus_circular_temple
Lair:1:   layout_roguey, serial_bayou_shore_b, uniq_joseph
Lair:2:   layout_loops_ring, lemuel_fruit_tree
Orc:1:    layout_caves

Skill      XL: |  1  2  3  4  5  6  7  8  9 10 11 12 |
---------------+-------------------------------------+-----
Spellcasting   | 4 5 7 9 11 13 14 | 14.7
Conjurations   | 5 7 8 10 11 13 | 13.2
Dodging        | 4 8 |  8.5
Summonings     | 8 9 |  9.4
Stealth        | |  2.4

Action                   |  1- 3 |  4- 6 |  7- 9 | 10-12 || total
-------------------------+-------+-------+-------+-------++-------
Melee: Hand axe          |       |     1 |       |       ||     1
       Staff             |       |       |     2 |     5 ||     7
       Headbutt          |       |       |       |     2 ||     2
 Cast: Magic Dart        |    61 |    41 |   109 |    94 ||   305
       Searing Ray       |     4 |    26 |    94 |   111 ||   235
       Fulminant Prism   |       |       |       |    59 ||    59
       Summon Ice Beast  |       |       |       |    37 ||    37
       Summon Lightning  |       |       |       |    18 ||    18
Evoke: Wand              |       |       |       |     1 ||     1
  Use: Potion            |     1 |       |     5 |    14 ||    20
       Scroll            |       |       |     9 |     6 ||    15
  Eat: Chunk             |     1 |     5 |    13 |    10 ||    29
       Ration            |       |       |     2 |     4 ||     6
Armor: Robe              |     1 |     1 |     3 |    12 ||    17
       Skin              |       |       |       |    21 ||    21
Dodge: Dodged            |     8 |     3 |    54 |   170 ||   235
Block: Kite shield       |       |       |     4 |       ||     4

Table legend:
 A = Non-vault XP
 B = Vault XP
 C = Vault XP percentage of total XP
 D = Non-vault monster count
 E = Vault monster count
 F = Vault count percentage of total count
                 A         B        C        D         E       F
            +---------+---------+-------+---------+---------+-------
      Total |   18999 |    4037 |  17.5 |     330 |      93 |  22.0
            +---------+---------+-------+---------+---------+-------
        D:1 |      32 |       0 |   0.0 |      16 |       0 |   0.0
        D:2 |     157 |      72 |  31.4 |      40 |       3 |   7.0
        D:3 |      69 |     311 |  81.8 |       9 |       7 |  43.8
        D:4 |     623 |      19 |   3.0 |      25 |       3 |  10.7
        D:5 |     716 |     157 |  18.0 |      26 |       1 |   3.7
        D:6 |     774 |       0 |   0.0 |      20 |       0 |   0.0
        D:7 |    1167 |       0 |   0.0 |      29 |       0 |   0.0
        D:8 |    2022 |     664 |  24.7 |      26 |       4 |  13.3
        D:9 |    2703 |       0 |   0.0 |      23 |       0 |   0.0
       D:10 |    1893 |     741 |  28.1 |      36 |      26 |  41.9
       D:11 |    3206 |    1368 |  29.9 |      45 |      30 |  40.0
     Lair:1 |    2718 |     455 |  14.3 |      11 |       1 |   8.3
     Lair:2 |    2214 |       0 |   0.0 |      10 |       0 |   0.0
      Orc:1 |     705 |       0 |   0.0 |      14 |       0 |   0.0
      Sewer |       0 |     250 | 100.0 |       0 |      18 | 100.0
            +---------+---------+-------+---------+---------+-------
